AoeStats
← 3ms

Arabia

510836859Analyzed
1v1 RM · 13h ago on Oct 2, 2026· 43m 53s· 2 players
Game mode
Random Map
Map size
Tiny (2 player)
Population
200
Speed
Normal
Resources
Standard
Victory
Conquest
Starting age
Dark Age
Ending age
Imperial Age
RankedLock teamsTeams togetherTeam positionsShared explorationLock speedFull tech treeHidden civsTurbo modeCheats
Victory
Defeat
🇦🇷 Persians · Argentina
1103
+14
🇪🇸 Vietnamese · Spain
1069
-14
3ms
9:19 Feudal Age
9:54 Double-Bit Axe
10:03 Horse Collar
10:22 Loom
14:54 Town Watch
17:38 Wheelbarrow
21:10 Castle Age
19:58 Stone Mining
24:10 Stone Shaft Mining
27:52 Fletching
29:52 Hand Cart
32:00 Heavy Plow
32:33 Murder Holes
32:45 Kamandaran
35:00 Bow Saw
34:52 Padded Archer Armor
35:16 Forging
36:21 Bloodlines
36:12 Husbandry
36:37 Ballistics
38:46 Crossbowman
40:03 Thumb Ring
40:29 Bodkin Arrow
44:00 Imperial Age
41:40 Town Patrol
42:04 Leather Archer Armor
davidosorno2005
10:23 Feudal Age
9:12 Loom
11:01 Double-Bit Axe
11:24 Man-at-Arms
13:00 Arson
15:11 Horse Collar
16:55 Fletching
20:32 Wheelbarrow
23:33 Castle Age
23:19 Scale Mail Armor
23:40 Pikeman
24:22 Squires
26:06 Bow Saw
28:40 Hand Cart
28:55 Heavy Plow
35:33 Chain Mail Armor
38:35 Imperial Age
38:48 Imperial Age
37:16 Town Watch
39:07 Bodkin Arrow
43:11 Imperial Age
41:53 Ballistics
41:45 Masonry
43:54 Chain Mail Armor
Connection lost

Rejoining the realm…

Still unreachable

The connection could not be restored.

Session expired

The server has moved on; the page needs a fresh start.